 Dungeon Crawl Stone Soup version 0.31-a0-233-g139696dc86 (webtiles) character file.

Game seed: 10144168557815465747

1409 qw the Skirmisher (level 8, -9/50 HPs)
             Began as a Gargoyle Hexslinger on July 7, 2023.
             Mangled by a swamp worm (13 damage)
             ... on level 7 of the Dungeon.
             The game lasted 00:02:04 (5137 turns).

qw the Skirmisher (Gargoyle Hexslinger)             Turns: 5137, Time: 00:02:04

Health: -9/50      AC: 15    Str: 12    XL:     8   Next: 70%
Magic:  9/9        EV: 12    Int: 14    God:
Gold:   325        SH:  0    Dex: 20    Spells: 8/9 levels left

rFire   . . .        q - +0 longbow
rCold   . . .        (shield currently unavailable)
rNeg    + . .        h - +0 ring mail
rPois   inf          j - +0 helmet
rElec   +            s - +1 cloak
rCorr   .            b - +0 pair of gloves
SInv    +            (no boots)
Will    .....        e - amulet of faith
Stlth   +            m - ring of see invisible
HPRegen 0.28/turn    f - +6 ring of dexterity
MPRegen 0.11/turn

%: faith
@: very slow
A: sickness immunity, AC +5, negative energy resistance 1, electricity
resistance, torment resistance 1, petrification resistance
a: no special abilities


You were on level 7 of the Dungeon.
You visited 2 branches of the dungeon, and saw 8 of its levels.

You collected 325 gold pieces.


Innate Abilities, Weirdness & Mutations

You are immune to sickness and miasma.
Your stone body is resilient. (AC +5)
You are immune to poison.
You resist negative energy. (rN+)
You are resistant to electric shocks. (rElec)
You are resistant to unholy torment.
You are immune to petrification.


   Skills:
 - Level 5.4 Fighting
 + Level 8.2 Ranged Weapons
 - Level 3.3 Armour
 - Level 2.9 Dodging
 - Level 1.0 Spellcasting
 - Level 2.6 Hexes


You had 8 spell levels left.
You knew the following spells:

 Your Spells              Type           Power      Damage    Failure   Level
a - Slow                  Hex            32%        N/A       19%         1

Your spell library contained the following spells:

 Spells                   Type           Power      Damage    Failure   Level
 Inner Flame              Hex/Fire       4%         N/A       67%         3
 Portal Projectile        Hex/Tloc       8%         N/A       67%         3
 Cause Fear               Hex            4%         N/A       88%         4

Inventory:

Hand Weapons
 q - a +0 longbow (weapon)
Armour
 b - a +0 pair of gloves (worn)
 h - a +0 ring mail (worn)
 j - a +0 helmet (worn)
 s - a +1 cloak (worn)
Jewellery
 c - a ring of willpower
 d - an amulet of the acrobat
 e - an amulet of faith (around neck)
 f - a +6 ring of dexterity (right hand)
 m - a ring of see invisible (left hand)
 n - a ring of protection from fire
 o - a ring of positive energy
Scrolls
 a - 4 scrolls of identify
 u - 2 scrolls of revelation {unknown}
 v - 2 scrolls of vulnerability {unknown}
Potions
 g - a potion of heal wounds {unknown}
 i - a potion of haste {unknown}
 k - a potion of degeneration {unknown}
 l - 3 potions of curing
 p - a potion of magic {unknown}
 r - 3 potions of enlightenment {unknown}
 t - a potion of mutation {unknown}

Dungeon Overview and Level Annotations

Branches:
Dungeon (7/15)             Temple (1/1) D:4

Altars:
Ashenzari
Cheibriados
Dithmenos
Elyvilon
Fedhas
Gozag
Hepliaklqana
Kikubaaqudgha
Makhleb
Nemelex Xobeh
Qazlal
Sif Muna
Trog
Uskayaw
Wu Jian
Yredelemnul
Zin
The Shining One

Shops:
D:1 =   D:3 [


Message History

Enter note:
Enter note:
Enter note:
Enter note:
Enter note:
Enter note:
Enter note:
Enter note:
Enter note: You shoot an arrow.
The arrow hits the swamp worm.
The swamp worm is lightly wounded.
The swamp worm closely misses you. The swamp worm misses you.
You shoot an arrow. The arrow hits the swamp worm.
The swamp worm is lightly wounded.
The swamp worm misses you.
You shoot an arrow. The arrow hits the swamp worm!
The swamp worm is moderately wounded.
The swamp worm barely misses you. The swamp worm misses you.
You shoot an arrow. The arrow hits the swamp worm!
The swamp worm is severely wounded.
The swamp worm bites you but does no damage.
The swamp worm bites you!
You shoot an arrow. The arrow hits the swamp worm.
The swamp worm is almost dead.
The swamp worm bites you but does no damage.
You shoot an arrow.
The arrow closely misses the swamp worm.
The swamp worm bites you but does no damage.
The swamp worm bites you.
You shoot an arrow.
The arrow hits the swamp worm but does no damage.
The swamp worm is almost dead.
The swamp worm misses you. The swamp worm bites you!!
You shoot an arrow. The arrow hits the swamp worm.
The swamp worm is almost dead.
The swamp worm bites you!
You shoot an arrow. The arrow hits the swamp worm.
The swamp worm is almost dead.
The swamp worm bites you!
You die...

######### ##......)##
#..~~~~~..#
#.~~~~~~~.##
#.~~~~~~~..##########
##~~##@##~~..........#
#~~~#~~w#~~~.........#
#~~##~~~##~~.../.....#
#~~#~~~~~#~~.........##
#~~##}~~##~~...........
#~~~#~~$#~~~..........#
##~~##~##~~..........##
##~~###~~.............
#~~~~~~~#.......#####


You could see a swamp worm.

Vanquished Creatures
  Menkaure (D:6)
  A swamp worm (D:7)
  An ice beast (D:6)
  A sky beast (D:7)
  A centaur (D:6)
  A kobold brigand (D:7)
  A phantom (D:4)
  A bullfrog (D:7)
  3 scorpions (D:7)
  A howler monkey (D:4)
  2 orc priests (D:6)
  2 hounds (D:5)
  A gnoll bouda (D:7)
  2 sleepcaps
  2 iguanas (D:5)
  3 orc wizards
  4 gnolls (D:7)
  2 adders (D:4)
  A shadow imp (D:7)
  A white imp (D:4)
  An ufetubus (D:4)
  A worm (D:4)
  13 orcs
  6 ball pythons
  9 bats
  6 endoplasms
  4 giant cockroaches
  3 goblins
  7 hobgoblins
  10 kobolds
  5 quokkas
  2 frilled lizards
  7 rats
106 creatures vanquished.

Vanquished Creatures (others)
  An orc wizard (D:3)
1 creature vanquished.

Grand Total: 107 creatures vanquished

Notes
Turn   | Place    | Note
-------+----------+-------------------------------------------
     0 | D:1      | qw the Gargoyle Hexslinger began the quest for the Orb.
     0 | D:1      | Reached XP level 1. HP: 12/12 MP: 2/2
     0 | D:1      | 0 ||| qw: Version: 0.3-a-46-gb1f654a
     0 | D:1      | 0 ||| qw: Game counter: 3220
     0 | D:1      | 0 ||| qw: Melee chars always use a shield: true
     0 | D:1      | 0 ||| qw: God list: Okawaru
     0 | D:1      | 0 ||| qw: Allow faded altars: false
     0 | D:1      | 0 ||| qw: Do Orc after clearing Dungeon:15 true
     0 | D:1      | 0 ||| qw: Do second Lair branch before Depths: true
     0 | D:1      | 0 ||| qw: Lair rune preference: random
     0 | D:1      | 0 ||| qw: Goals: Normal
     0 | D:1      | 0 ||| PLANNING D:1-11
    89 | D:1      | Reached XP level 2. HP: 16/16 MP: 3/3
   199 | D:1      | Found Plog's Jewellery Boutique.
   207 | D:1      | 207 ||| SHOPLISTING +4 ring of protection (396 gold, have
                  | 7).
   207 | D:1      | 207 ||| SHOPLISTING +4 ring of slaying (858 gold, have 7).
   207 | D:1      | 207 ||| SHOPLISTING +6 ring of strength (396 gold, have 7).
   207 | D:1      | 207 ||| SHOPLISTING amulet of reflection (330 gold, have
                  | 7).
   207 | D:1      | 207 ||| SHOPLISTING ring of see invisible (165 gold, have
                  | 7).
   301 | D:1      | Found a faded altar of an unknown god.
   389 | D:1      | Reached skill level 3 in Ranged Weapons
   486 | D:1      | 486 ||| UPGRADING to +0 leather armour.
   496 | D:1      | 496 ||| DROPPING +0 robe.
   497 | D:1      | 497 ||| UPGRADING to ring of willpower.
   498 | D:1      | 498 ||| READING 2 scrolls labelled KIGADGH PUEGI.
   499 | D:1      | 499 ||| READING scroll labelled YGUTEI REIVOE.
   502 | D:1      | 502 ||| DROPPING scroll of poison.
   542 | D:2      | Reached XP level 3. HP: 21/21 MP: 4/4
   894 | D:2      | 894 ||| UPGRADING to +0 pair of gloves.
   899 | D:2      | 899 ||| UPGRADING to +0 ring mail.
   909 | D:2      | 909 ||| DROPPING +0 leather armour.
   910 | D:2      | 910 ||| UPGRADING to +0 helmet.
   915 | D:2      | 915 ||| UPGRADING to amulet of the acrobat.
   920 | D:2      | 920 ||| READING scroll labelled YPIALA PIHIPLOSS.
   920 | D:2      | Identified a scroll of acquirement
   920 | D:2      | 920 ||| ACQUIRING amulet of faith
   920 | D:2      | Acquired an amulet of faith
   922 | D:2      | 922 ||| UPGRADING to amulet of faith.
   932 | D:2      | 932 ||| READING 2 scrolls of identify.
   932 | D:2      | 932 ||| IDENTIFYING amethyst potion
   933 | D:2      | 933 ||| DROPPING potion of brilliance.
  1040 | D:3      | Found Naifogas's Armour Shoppe.
  1268 | D:3      | Found a shadowy altar of Dithmenos.
  1318 | D:3      | Found a basalt altar of Yredelemnul.
  1348 | D:3      | Found a glowing golden altar of the Shining One.
  1448 | D:3      | Reached skill level 1 in Armour
  1470 | D:3      | 1470 ||| FLEEEEING.
  1471 | D:3      | 1471 ||| FLEEEEING.
  1472 | D:3      | 1472 ||| FLEEEEING.
  1473 | D:3      | HP: 4/21 [something (4)]
  1479 | D:3      | Reached XP level 4. HP: 4/26 MP: 5/5
  1481 | D:3      | HP: 1/26 [orc/+0 whip (4)]
  1615 | D:3      | 1615 ||| FLEEEEING.
  1640 | D:3      | Reached skill level 4 in Ranged Weapons
  1829 | D:3      | Noticed an angel
  1870 | D:3      | 1870 ||| DROPPING amulet of guardian spirit.
  1871 | D:3      | 1871 ||| UPGRADING to +6 ring of dexterity.
  1872 | D:3      | 1872 ||| READING scroll labelled HUQOIN PUMOAGU.
  1873 | D:3      | 1873 ||| READING 2 scrolls of identify.
  1873 | D:3      | 1873 ||| IDENTIFYING pink potion
  1874 | D:3      | 1874 ||| DROPPING potion of berserk rage.
  1946 | D:4      | Found a staircase to the Ecumenical Temple.
  1947 | D:4      | 1947 ||| PLANNING TEMPLE
  2006 | Temple   | Entered the Ecumenical Temple
  2040 | Temple   | 2040 ||| PLANNING D:1-11
  2078 | D:4      | Noticed a phantom
  2092 | D:4      | Killed a phantom
  2093 | D:4      | Reached skill level 5 in Ranged Weapons
  2093 | D:4      | Reached XP level 5. HP: 15/30 MP: 6/6
  2173 | D:4      | Found a broken altar of Ashenzari.
  2206 | D:4      | Reached skill level 3 in Fighting
  2296 | D:4      | Reached XP level 6. HP: 37/37 MP: 7/7
  2338 | D:4      | Found a sparkling altar of Nemelex Xobeh.
  2353 | D:4      | 2353 ||| Stepping ~*~*~tactically~*~*~ (outnumbered).
  2610 | D:4      | 2610 ||| UPGRADING to ring of see invisible.
  2612 | D:4      | 2612 ||| READING scroll labelled EGOZOTRATZ.
  2613 | D:4      | 2613 ||| READING scroll labelled MOREOB XENKAUK.
  2614 | D:4      | 2614 ||| DRINKING 2 golden potions.
  2626 | D:5      | Entered Level 5 of the Dungeon
  2694 | D:5      | Reached skill level 6 in Ranged Weapons
  2733 | D:5      | 2733 ||| STAIRDANCE
  2734 | D:4      | Found a snail-covered altar of Cheibriados.
  2734 | D:4      | Found a burning altar of Makhleb.
  2964 | D:5      | Found a bloodstained altar of Trog.
  3069 | D:5      | Found a hazy altar of Hepliaklqana.
  3348 | D:6      | Reached XP level 7. HP: 16/43 MP: 8/8
  3508 | D:6      | Found a stormy altar of Qazlal.
  3509 | D:6      | 3509 ||| SWAPPING to +0 shortbow.
  3510 | D:6      | 3510 ||| DROPPING +2 sling of freezing.
  3572 | D:6      | Reached skill level 7 in Ranged Weapons
  3757 | D:6      | 3757 ||| Stepping ~*~*~tactically~*~*~ (outnumbered).
  3759 | D:6      | 3759 ||| Stepping ~*~*~tactically~*~*~ (outnumbered).
  3763 | D:6      | 3763 ||| FLEEEEING.
  3764 | D:6      | 3764 ||| FLEEEEING.
  3765 | D:6      | 3765 ||| FLEEEEING.
  3766 | D:6      | 3766 ||| FLEEEEING.
  3767 | D:6      | 3767 ||| FLEEEEING.
  3768 | D:6      | 3768 ||| FLEEEEING.
  3769 | D:6      | 3769 ||| FLEEEEING.
  3770 | D:6      | 3770 ||| FLEEEEING.
  3771 | D:6      | 3771 ||| FLEEEEING.
  3772 | D:6      | 3772 ||| FLEEEEING.
  3773 | D:6      | 3773 ||| FLEEEEING.
  3774 | D:6      | 3774 ||| FLEEEEING.
  3774 | D:6      | Noticed Menkaure
  3775 | D:6      | 3775 ||| FLEEEEING.
  3776 | D:6      | 3776 ||| FLEEEEING.
  3777 | D:6      | 3777 ||| FLEEEEING.
  3778 | D:6      | 3778 ||| FLEEEEING.
  3779 | D:6      | 3779 ||| FLEEEEING.
  3787 | D:6      | HP: 5/43 [Menkaure (11)]
  3788 | D:6      | 3788 ||| READING 3 scrolls of teleportation.
  3789 | D:6      | Killed Menkaure
  3790 | D:6      | Reached skill level 3 in Armour
  3840 | D:6      | 3840 ||| FLEEEEING.
  3842 | D:6      | 3842 ||| FLEEEEING.
  3846 | D:6      | 3846 ||| FLEEEEING.
  4256 | D:6      | 4256 ||| UPGRADING to +1 cloak.
  4261 | D:6      | 4261 ||| READING 3 scrolls labelled ATSUAJELOT.
  4262 | D:6      | 4262 ||| DROPPING 2 scrolls of summoning.
  4325 | D:7      | 4325 ||| SWAPPING to +0 longbow.
  4326 | D:7      | 4326 ||| DROPPING +0 shortbow.
  4327 | D:7      | Noticed a swamp worm
  4330 | D:7      | Noticed a swamp worm
  4343 | D:7      | HP: 8/43 [swamp worm (8)]
  4344 | D:7      | 4344 ||| READING 2 scrolls of teleportation.
  4344 | D:7      | HP: 1/43 [swamp worm (7)]
  4345 | D:7      | Killed a swamp worm
  4346 | D:7      | Reached XP level 8. HP: 2/48 MP: 9/9
  4349 | D:7      | 4349 ||| READING scroll of teleportation.
  4683 | D:7      | Reached skill level 8 in Ranged Weapons
  4845 | D:7      | 4845 ||| Stepping ~*~*~tactically~*~*~ (outnumbered).
  4944 | D:7      | Found a blossoming altar of Fedhas.
  5136 | D:7      | HP: 3/50 [swamp worm (11)]
  5137 | D:7      | Mangled by a swamp worm

Levels and vault maps discovered:
D:1:      psy_arrival_statuary, layout_basic, hellmonk_ecumenical_altar_zigzags,
          serial_shops, nicolae_shop_gaudy_bauble
D:2:      layout_rooms
D:3:      minmay_spotlight, layout_rooms, grunt_temple_overflow_holy_war,
          mainiacjoe_overflow_brackets, serial_shops, shop_fountains,
          chequers_serial_rivers_large_a
D:4:      layout_rooms, lemuel_tele_altar, nicolae_overflow_hidden_temple,
          minmay_temple_entry_overgrown
D:5:      layout_loops_ring, trog_book, nzn_hepliaklqana_mist_gate,
          supply_closet_lemuel
D:6:      layout_loops_ring, nicolae_qazlal_eye_of_the_storm, uniq_menkaure
D:7:      nicolae_cairo_tiling_very_big, layout_basic,
          fedhas_altar_decomposition, nicolae_ru_the_path_less_chosen,
          worms_lemuel
Temple:   hellmonk_temple_of_storms

Skill      XL: |  1  2  3  4  5  6  7  8 |
---------------+-------------------------+-----
Ranged Weapons | 3 5 6 7 8 |  8.2
Fighting       | 2 3 4 5 |  5.4
Armour         | 1 3 |  3.3
Dodging        | 2 |  2.9
Spellcasting   | |  1.0
Hexes          | |  2.6

Action                     |  1- 3 |  4- 6 |  7- 9 || total
---------------------------+-------+-------+-------++-------
   Fire: Sling             |   153 |   157 |     7 ||   317
         Shortbow          |       |       |    30 ||    30
         Longbow           |       |       |    95 ||    95
    Use: Scroll            |     4 |     4 |     4 ||    12
         Potion            |       |     1 |       ||     1
 Armour: Robe              |    11 |       |       ||    11
         Ring mail         |    34 |    57 |    60 ||   151
         Leather armour    |    10 |       |       ||    10
  Dodge: Dodged            |    64 |    77 |    98 ||   239

Table legend:
 A = Non-vault XP
 B = Vault XP
 C = Vault XP percentage of total XP
 D = Non-vault monster count
 E = Vault monster count
 F = Vault count percentage of total count
                 A         B        C        D         E       F
            +---------+---------+-------+---------+---------+-------
      Total |    1676 |     338 |  16.8 |     102 |       5 |   4.7
            +---------+---------+-------+---------+---------+-------
        D:1 |      22 |       0 |   0.0 |      14 |       0 |   0.0
        D:2 |      32 |       0 |   0.0 |      20 |       0 |   0.0
        D:3 |      54 |       6 |  10.0 |      14 |       3 |  17.6
        D:4 |     291 |       0 |   0.0 |      18 |       0 |   0.0
        D:5 |     193 |       0 |   0.0 |       5 |       0 |   0.0
        D:6 |     368 |     172 |  31.9 |       7 |       1 |  12.5
        D:7 |     716 |     160 |  18.3 |      24 |       1 |   4.0
            +---------+---------+-------+---------+---------+-------
